 Dungeon Crawl Stone Soup version 0.27-a0-1188-g73eefd5def (webtiles) character file.

Game seed: 16206353332968948644

21 ZappyNine the Sneak (level 3, -1/19 HPs)
             Began as a Kobold Venom Mage on May 20, 2021.
             Slain by a jackal (2 damage)
             ... on level 1 of the Dungeon.
             The game lasted 00:01:07 (929 turns).

ZappyNine the Sneak (Kobold Venom Mage)              Turns: 929, Time: 00:01:07

Health: -1/19      AC:  2    Str:  5    XL:     3   Next: 2%
Magic:  6/6        EV: 15    Int: 16    God:
Gold:   29         SH:  0    Dex: 16    Spells: 3/6 levels left

rFire    . . .     SeeInvis .   e - +0 dagger
rCold    . . .     Faith    .   (shield restricted)
rNeg     . . .     Spirit   .   a - +0 robe
rPois    .         Reflect  .   (no helmet)
rElec    .         Harm     .   (no cloak)
rCorr    .         Rampage  .   (no gloves)
Will     .....                  (no boots)
Stlth    ++++......             (no amulet)
HPRegen  0.06/turn              (no ring)
MPRegen  0.10/turn              (no ring)

@: no status effects
A: small, no large weapons, nightstalker 3
a: no special abilities


You were on level 1 of the Dungeon.
You visited 1 branch of the dungeon, and saw 1 of its levels.

You collected 29 gold pieces.

Inventory:

Hand Weapons
 e - a +0 dagger (weapon)
Armour
 a - a +0 robe (worn)
Scrolls
 c - a scroll of enchant weapon {unknown}
 d - a scroll of enchant armour {unknown}


   Skills:
 - Level 2.4 Dodging
 + Level 4.6 Stealth
 - Level 2.1 Spellcasting
 - Level 1.0 Transmutations
 - Level 3.0 Poison Magic


You had 3 spell levels left.
You knew the following spells:

 Your Spells              Type           Power      Damage    Failure   Level
a - Sting                 Tmut/Pois      32%        1d4       9%          1
b - Poisonous Vapours     Pois/Air       12%        N/A       17%         2

Your spell library contained the following spells:

 Spells                   Type           Power      Damage    Failure   Level
 Ignite Poison            Fire/Tmut/Pois 6%         N/A       34%         3
 Mephitic Cloud           Conj/Pois/Air  4%         N/A       38%         3
 Olgreb's Toxic Radiance  Pois           11%        N/A       52%         4


Dungeon Overview and Level Annotations

Branches:
Dungeon (1/15)

Altars:

Shops:
D:1 *


Innate Abilities, Weirdness & Mutations

You are small and have problems with some larger weapons.
You are completely attuned to the shadows.


Message History

The quokka bites you.
You barely miss the quokka. The quokka misses you.
The quokka closely misses you.
You barely miss the quokka. The jackal barely misses you.
The jackal bites you but does no damage.
The quokka closely misses you.
You closely miss the quokka. The jackal closely misses you.
The jackal barely misses you. The quokka misses you. The jackal misses you.
You hit the quokka but do no damage. The jackal closely misses you. x2
The jackal misses you. The quokka bites you. The jackal bites you.
The jackal misses you.
The jackal bites you but does no damage.
The jackal misses you.
You closely miss the quokka. The jackal bites you. The quokka bites you.
* * * LOW HITPOINT WARNING * * *
The jackal closely misses you. The jackal barely misses you.
The jackal closely misses you. The jackal bites you.
* * * LOW HITPOINT WARNING * * *
You are too injured to fight recklessly!
You are too injured to fight recklessly!
You are too injured to fight recklessly!
You are too injured to fight recklessly!
You are too injured to fight recklessly!
You are too injured to fight recklessly!
You are too injured to fight recklessly!
You are too injured to fight recklessly!
You are too injured to fight recklessly!
You are too injured to fight recklessly!
You are too injured to fight recklessly!
You are too injured to fight recklessly!
You are too injured to fight recklessly!
Unknown command.
The jackal completely misses you. The jackal bites you.
* * * LOW HITPOINT WARNING * * *
The jackal bites you but does no damage.
The jackal bites you.
* * * LOW HITPOINT WARNING * * *
You aren't carrying any potions.
The jackal bites you.
You die...

#.............+....#..
############.............#.####.#
.................................
##############)####..###.#.......
#..........>'.......
#######.###.#.......
...########..##.#.......
.........###(##.######..
.....rh@.......)......##
......hh.###(##.#####.#.
......h..# #.##.#####.#.
.........###.......##.##
............⌠.⌠....##...
.............∩.....##).#
###.........⌠.⌠....##..#
.....#......##..#
.....#...#####..#


You could see a quokka and 4 jackals.

Vanquished Creatures
  A dart slug (D:1)
  2 ball pythons (D:1)
  A bat (D:1)
  2 giant cockroaches (D:1)
  2 goblins (D:1)
  2 hobgoblins (D:1)
  2 frilled lizards (D:1)
  3 kobolds (D:1)
  3 rats (D:1)
18 creatures vanquished.

Notes
Turn   | Place    | Note
-------+----------+-------------------------------------------
     0 | D:1      | ZappyNine the Kobold Venom Mage began the quest for the
                  | Orb.
     0 | D:1      | Reached XP level 1. HP: 10/10 MP: 3/3
   128 | D:1      | Reached skill level 3 in Stealth
   250 | D:1      | Found Sitoip's General Store.
   252 | D:1      | Reached XP level 2. HP: 15/15 MP: 5/5
   255 | D:1      | Learned a level 2 spell: Poisonous Vapours
   281 | D:1      | Reached skill level 4 in Stealth
   913 | D:1      | Reached XP level 3. HP: 19/19 MP: 6/6
   929 | D:1      | Slain by a jackal

Illustrated notes

Levels and vault maps discovered:
D:1:      minmay_arrival_pointy, layout_basic, serial_shops, shop_fountains,
          minmay_ruptured

Skill      XL: |  1  2 |
---------------+-------+-----
Stealth        | 3 4 |  4.6
Dodging        | |  2.4
Spellcasting   | |  2.1
Transmutations | |  1.0
Poison Magic   | |  3.0

Action                   || total
-------------------------++-------
Melee: Short sword       ||    44
       Dagger            ||    19
 Cast: Sting             ||     1
       Poisonous Vapours ||     3
  Use: Potion            ||     1
 Stab: Sleeping          ||     6
Armor: Robe              ||     9
Dodge: Dodged            ||    75

Table legend: (Time is in decaauts)
 A = Elapsed time spent in this place.
 B = Non-inter-level travel time spent in this place.
 C = Inter-level travel time spent in this place.
 D = Time resting spent in this place.
 E = Time spent auto-exploring this place.
 F = Levels seen in this place.
 G = Mean time per level.
                   A        B        C        D        E       F      G
               +--------+--------+--------+--------+--------+-----+--------+
         Total |    932 |    925 |      7 |    150 |    618 |   1 |  932.0 |
       Dungeon |    932 |    925 |      7 |    150 |    618 |   1 |  932.0 |
               +--------+--------+--------+--------+--------+-----+--------+

Top non-repeatable levels by time:
     D:1: 932 daAuts
